 Dungeon Sprint DCSS version 0.29.0-11-gd7f09526c8 (webtiles) character file.

Game seed: 7897038769375835999

2153 Zeld the Severer (level 9, -1/86 (90) HPs)
             Began as a Minotaur Berserker on Sept 6, 2022.
             Was a High Priest of Trog.
             Slain by an elephant (13 damage)
             ... in the Dungeon (Sprint II: "The Violet Keep of Menkaure").
             The game lasted 00:02:26 (1514 turns).

Zeld the Severer (Minotaur Berserker)               Turns: 1514, Time: 00:02:26

HP:   -1/86 (90)    AC:  7    Str: 27    XL:     9   Next: 10%
MP:   8/8           EV: 10    Int:  4    God:    Trog [*****.]
Gold: 121           SH:  0    Dex:  9    Spells: 8/8 levels left

rFire   . . .      SeeInvis .   a - +0 hand axe
rCold   + . .      Faith    .   (no shield)
rNeg    . . .      Spirit   .   i - +4 plate armour {rC+}
rPois   .          Reflect  .   (helmet restricted)
rElec   .          Harm     .   (no cloak)
rCorr   .          Rampage  .   (no gloves)
Will    .....      NoTele   +   (no boots)
Stlth   ..........              (no amulet)
HPRegen 0.24/turn               (no ring)
MPRegen 0.11/turn               (no ring)

@: corroded, on berserk cooldown, slowed, lightly drained, very slow
A: horns 2, retaliatory headbutt
a: Renounce Religion, Berserk, Trog's Hand, Brothers in Arms


You were in the Dungeon.
You worshipped Trog.
Trog was extremely pleased with you.
You visited 1 branch You collected 972 gold pieces.
You spent 851 gold pieces at shops.

Inventory:

Hand Weapons
 a - a +0 hand axe (weapon)
Armour
 i - a +4 plate armour of cold resistance (worn)
Potions
 c - 2 potions of curing
 d - a potion of heal wounds
 e - a potion of haste
 f - 2 potions of magic
 g - a potion of berserk rage


   Skills:
 + Level 11.7 Fighting
 * Level 15.7 Axes
 + Level 11.3 Armour
 + Level 10.4 Dodging


You had 8 spell levels left.
You didn't know any spells.
Your spell library was empty.

Dungeon Overview and Level Annotations

Branches:
Dungeon (1/1)

Altars:
Zin

Shops:
D :(:=:!!!==[[?(=

Annotations:
D exclusion: oklob plant, Kirke, Roxanne


Innate Abilities, Weirdness & Mutations

You have a pair of horns on your head.
You reflexively headbutt those who attack you in melee.


Message History

The rust devil disappears in a puff of smoke!
The centaur warrior hits you!
The centaur warrior kicks you but does no damage.
Kirke gestures wildly while chanting.
Kirke summons a manticore!
You hit the elephant but do no damage. You headbutt the elephant!
The elephant is severely wounded.
You hit the centaur warrior but do no damage.
You barely miss the kobold demonologist.
The elephant tramples you!
You hold your ground!
The elephant trunk-slaps you but does no damage.
The kobold demonologist looks encouraged for a moment.
You hit the elephant.
The elephant is severely wounded.
You hit the centaur warrior but do no damage.
You hit the kobold demonologist but do no damage.
You are no longer berserk.
You are exhausted.
You feel yourself slow down. The centaur warrior hits you.
The centaur warrior kicks you but does no damage.
Kirke gestures wildly while chanting.
Kirke summons a lindwurm!
You hit the elephant but do no damage.
The elephant is severely wounded.
You hit the centaur warrior but do no damage.
You hit the kobold demonologist but do no damage.
The centaur warrior hits you but does no damage.
The centaur warrior barely misses you. The elephant tramples you!
* * * LOW HITPOINT WARNING * * *
You hold your ground!
The elephant barely misses you.
The kobold demonologist barely misses you.
You furiously retaliate!
You headbutt the kobold demonologist, but do no damage.
Unknown command.
Unknown command.
The centaur warrior wields a +0 shortbow.
The centaur warrior shoots an arrow.
The arrow hits you!
* * * LOW HITPOINT WARNING * * *
The elephant tramples you!
You die...

*∩∩∩∩∩∩*,,+,##.§§~§~~##⌠,,,,*+***
*∩∩∩∩∩∩*,,###..§k§§§§§##,,,,*,,**
******##*l,'~.§~§8§§§§§#*++**,,,+
*,,,**Yc@####~@~~k§§§§#*~,,^***,*
*,,,,*,,cK.~##~§~~~§§##,~,^,,,***
###########~~#'Hz#'§'##***,,,,*,*
##########~~~.llKc§§..#,,+,,,,*,,
#.......∩#~~~~.##Y##..#,,****,*,,
#∩....[∩.#~~~~##@#.##.####,,+,**,
#.∩...∩.∩#~~~~#..#..#....#,,*,,,*
#∩.∩.∩.∩.#~~####...####..##***,,*
#.∩...∩..#~##.###'###.##..#,,+,,*
#..∩.∩...#~#...##.##..##..#,,*,,*
#...⌠÷...'~'.#)'.<.†##.+..###*,^*
#........#~#...##.##..##....###.,
▓▓▓▓▓▓▓###~##.###'###.##......~~~
#?)G######~~####.######~~.....~#'


You could see Roxanne, an elephant, a centaur warrior and a lindwurm (summoned).

Vanquished Creatures
  A yaktaur captain (D)
  A merfolk siren (D)
  4 neqoxecs (D)
  2 water moccasins (D)
  4 scorpions (D)
  4 necrophages (D)
  A hell rat (D)
17 creatures vanquished.

Vanquished Creatures (others)
  Menkaure (D)
1 creature vanquished.

Grand Total: 18 creatures vanquished

Notes
Turn   | Place    | Note
-------+----------+-------------------------------------------
     0 | D        | Zeld the Minotaur Berserker began the quest for the Orb.
     0 | D        | Reached XP level 1. HP: 19/19 MP: 0/0
    39 | D        | Noticed a necrophage
    39 | D        | Noticed a necrophage
    39 | D        | Noticed a necrophage
    39 | D        | Noticed a necrophage
    46 | D        | Killed a necrophage
    47 | D        | Reached skill level 5 in Fighting
    47 | D        | Reached skill level 6 in Axes
    47 | D        | Reached XP level 2. HP: 29/29 MP: 1/1
    47 | D        | Reached XP level 3. HP: 36/36 MP: 2/2
    51 | D        | Killed a necrophage
    52 | D        | Reached skill level 8 in Axes
    52 | D        | Reached skill level 5 in Armour
    52 | D        | Reached skill level 5 in Dodging
    52 | D        | Reached XP level 4. HP: 44/44 MP: 3/3
    54 | D        | Killed a necrophage
    54 | D        | Reached ** piety under Trog
    55 | D        | Reached skill level 9 in Axes
    55 | D        | Reached XP level 5. HP: 51/51 MP: 4/4
    57 | D        | Killed Menkaure
   250 | D        | Noticed a merfolk siren
   257 | D        | Killed a merfolk siren
   258 | D        | Reached skill level 12 in Axes
   258 | D        | Reached XP level 6. HP: 42/63 MP: 5/5
   258 | D        | Reached XP level 7. HP: 47/70 MP: 6/6
   439 | D        | Noticed a neqoxec
   447 | D        | Killed a neqoxec
   447 | D        | Reached *** piety under Trog
   642 | D        | Noticed a neqoxec
   642 | D        | Noticed a neqoxec
   642 | D        | Noticed a neqoxec
   652 | D        | Killed a neqoxec
   653 | D        | Reached skill level 13 in Axes
   654 | D        | Noticed a flying skull
   654 | D        | Noticed a flying skull
   654 | D        | Noticed a flying skull
   654 | D        | Noticed a flying skull
   654 | D        | Noticed a flying skull
   654 | D        | Noticed a flying skull
   655 | D        | Noticed a flying skull
   656 | D        | Noticed a flying skull
   656 | D        | Noticed a flying skull
   656 | D        | Noticed a flying skull
   657 | D        | Killed a neqoxec
   658 | D        | Reached skill level 10 in Fighting
   658 | D        | Killed a neqoxec
   659 | D        | Reached XP level 8. HP: 79/79 MP: 7/7
   659 | D        | Noticed a flying skull
   660 | D        | Noticed a flying skull
   759 | D        | Reached **** piety under Trog
   760 | D        | Reached skill level 14 in Axes
   760 | D        | Reached skill level 10 in Armour
   824 | D        | Found Dygisood's Jewellery Emporium.
   824 | D        | Found Xuschoor's Antique Armour Emporium.
   824 | D        | Found Mefud's Magic Scroll Emporium.
   824 | D        | Found Vuesuugu's Distillery.
   824 | D        | Found Zuqimonn's Jewellery Emporium.
   824 | D        | Found Senas's Jewellery Shoppe.
   824 | D        | Found Pups's Antique Armour Shoppe.
   824 | D        | Found Okhli's Antique Weapon Shoppe.
   825 | D        | Found Narynuit's Distillery.
   825 | D        | Found Riohum's Distillery.
   825 | D        | Noticed a great orb of eyes
   827 | D        | Found Tiggum's Book Emporium.
   827 | D        | Found Igymaop's Jewellery Shoppe.
   827 | D        | Noticed an oklob plant
   828 | D        | Found Epaots's Antique Weapon Shoppe.
   828 | D        | Found Waibbapt's Book Shoppe.
   828 | D        | Found Bamei's Book Emporium.
   829 | D        | Noticed a slime creature
   829 | D        | Noticed a slime creature
   830 | D        | Noticed a slime creature
  1109 | D        | Bought a scroll of magic mapping for 97 gold pieces
  1118 | D        | Bought a shiny plate armour for 754 gold pieces
  1156 | D        | Reached ***** piety under Trog
  1159 | D        | Found a glowing silver altar of Zin.
  1187 | D        | Identified Roxanne's Monograph on the Mountains
  1187 | D        | Noticed Roxanne
  1471 | D        | Noticed Kirke
  1471 | D        | Noticed a yaktaur captain
  1471 | D        | Noticed a kobold demonologist
  1472 | D        | Noticed a soul eater
  1472 | D        | Noticed a centaur warrior
  1473 | D        | Noticed an elephant
  1475 | D        | Noticed a rust devil
  1500 | D        | Killed a yaktaur captain
  1501 | D        | Reached skill level 15 in Axes
  1501 | D        | Reached skill level 10 in Dodging
  1501 | D        | Reached XP level 9. HP: 85/90 MP: 8/8
  1501 | D        | Noticed a skeletal warrior
  1511 | D        | Noticed a manticore
  1513 | D        | Noticed a lindwurm
  1514 | D        | Slain by an elephant

Illustrated notes

Levels and vault maps discovered:
D:        the_violet_keep_of_menkaure [sprint2_stairs_cluster_1,
          sprint2_shoproom, sprint2_temple, sprint2_basic_supplies,
          sprint2_obstacle_1, sprint2_obstacle_7, sprint2_obstacle_6,
          sprint2_obstacle_5, sprint2_obstacle_4, sprint2_timed_cluster_1,
          sprint2_smallroom_cluster_1, sprint2_smallroom_final_cluster_1,
          sprint2_transparent_cluster_1, sprint2_second_timed_cluster_1,
          sprint2_sniper_area_1, sprint2_heavy_combat_area_1,
          sprint2_mutation_trap_area_1, sprint2_forest_area_1,
          sprint2_light_combat_area_1, sprint2_behind_water_1,
          sprint2_near_end_vault_1]

Skill      XL: |  1  2  3  4  5  6  7  8 |
---------------+-------------------------+-----
Fighting       | 5 6 9 10 11 | 11.7
Axes           | 6 8 9 12 13 15 | 15.7
Armour         | 4 5 6 8 9 11 | 11.3
Dodging        | 4 5 7 9 10 | 10.4

Action                   |  1- 3 |  4- 6 |  7- 9 || total
-------------------------+-------+-------+-------++-------
Melee: Hand axe          |    11 |    10 |   108 ||   129
       Headbutt          |       |     2 |    29 ||    31
Invok: Berserk           |     1 |     1 |     5 ||     7
  Use: Scroll            |       |       |     2 ||     2
Armor: Animal skin       |     1 |       |       ||     1
       Plate armour      |       |       |    29 ||    29
Dodge: Dodged            |     3 |     6 |    22 ||    31
